 Dungeon Sprint DCSS version 0.17-a0-1954-g0dddeaa (webtiles) character file.

1195 kosy22 the Grappler (level 8, -12/132 HPs)
             Began as a Troll Monk on Oct 2, 2015.
             Was the Champion of Jiyva.
             Mangled by a four-headed hydra (16 damage)
             ... in the Dungeon (Sprint IX: "|||||||||||||||||||||||||||||") on Oct 3, 2015.
             The game lasted 00:05:14 (537 turns).

kosy22 the Grappler (Troll Monk)                     Turns: 537, Time: 00:05:14

Health: -12/132    AC:  5    Str: 29    XL:     8   Next: 20%
Magic:  4/7        EV: 13    Int:  6    God:    Jiyva [******]
Gold:   8          SH:  0    Dex: 14    Spells: 0 memorised, 7 levels left

rFire  . . .     SeeInvis .     o - +2 rapier "Toqeish" {pierce, *Rage rElec rC+}
rCold  + . .     Rnd*Rage +     a - +0 robe
rNeg   . . .     SustAt   .     (no shield)
rPois  .         Gourm    +     (helmet restricted)
rElec  +         Spirit   .     (no cloak)
rCorr  +         Warding  .     (gloves unavailable)
rMut   .         NoTele   +     (boots unavailable)
MR     .....                    (no amulet)
Stlth  ..........               (no ring)
                                (no ring)

@: berserking, very quick, not resistant to hostile enchantments, extremely
unstealthy
A: unfitting armour, claws 3, agile 1, fast metabolism 3, gourmand, regeneration
2, shaggy fur 1, strong 1, tough skin 2, jelly sensing items, subdued magic 1
a: Request Jelly, Jelly Paralyse, Slimify, Cure Bad Mutation, Renounce Religion


You were in the Dungeon.
You worshipped Jiyva.
Jiyva was exalted by your worship.
You were full.

You visited 1 branch You collected 8 gold pieces.

Inventory:

Hand weapons
 o - the +2 rapier "Toqeish" (weapon) {pierce, *Rage rElec rC+}
   (You found it in the Dungeon)

   It inflicts extra damage upon your enemies.
   It protects you from cold.
   It insulates you from electricity.
   It may make you go berserk in combat.
Armour
 a - a +0 robe (worn)
Jewellery
 m - a +3 ring of strength
 n - a +2 ring of evasion
Magical devices
 l - a wand of cold (7)
Scrolls
 h - 2 scrolls of blinking
 j - 3 scrolls of remove curse
 k - 2 scrolls of amnesia
 s - a scroll of recharging
 t - 2 scrolls of identify
 u - a scroll of fog
 v - 2 scrolls of enchant armour
Potions
 c - 7 potions of curing
 d - 5 potions of heal wounds
 e - a potion of haste
 f - 4 potions of magic
 g - 2 potions of berserk rage
 i - a potion of invisibility
 p - a potion of brilliance
 q - a potion of agility
Books
 r - a book of Cantrips

   Spells                             Type                      Level
   a - Corona                         Hexes                        1
   b - Animate Skeleton               Necromancy                   1
   c - Summon Small Mammal            Summoning                    1
   d - Apportation                    Translocation                1
Comestibles
 b - a bread ration


   Skills:
 + Level 8.0 Fighting
 + Level 7.2 Dodging
 + Level 2.8 Stealth
 + Level 13.1 Unarmed Combat


You had 7 spell levels left.
You didn't know any spells.

Dungeon Overview and Level Annotations

Branches:
Dungeon (1/1)

Altars:
Cheibriados
Dithmenos
Elyvilon
Fedhas
Gozag
Kikubaaqudgha
Makhleb
Nemelex Xobeh
Okawaru
Qazlal
Ru
Sif Muna
Trog
Vehumet
Xom
Yredelemnul
Zin
The Shining One
Beogh
Jiyva
Lugonu


Innate Abilities, Weirdness & Mutations

You are too large for most types of armour.
You have claws for hands.
Your metabolism is lightning-fast.
You like to eat raw meat.
You heal very quickly.
You are covered in fur (AC +1).
You have very tough skin (AC +2).
You are agile. (Dex +2)
Your muscles are strong. (Str +2)
You have a small jelly attached to you that senses nearby items.
Your spells are a little easier to cast, but a little less powerful.


Message History

The four-headed hydra bites you.
* * * LOW HITPOINT WARNING * * *
The four-headed hydra bites you!
* * * LOW HITPOINT WARNING * * *
The four-headed hydra completely misses you.
You hit the four-headed hydra.
The four-headed hydra is moderately wounded.
The basilisk hisses menacingly.
A giant frog comes into view.
The giant frog croaks.
You puncture the four-headed hydra! You claw the four-headed hydra.
The four-headed hydra is severely wounded.
The four-headed hydra bites you.
* * * LOW HITPOINT WARNING * * *
The four-headed hydra bites you!
* * * LOW HITPOINT WARNING * * *
The four-headed hydra bites you.
* * * LOW HITPOINT WARNING * * *
The four-headed hydra bites you!
You die...

∆∆∆∆∆∆∆∆∆∆∆∆∆
▓▓▓▓▓▓▓▓▓▓▓▓▓▓▓▓▓▓▓▓▓▓▓▓
..'..........J..@DYtSlFF
▓▓▓▓▓▓▓▓▓▓▓▓▓▓▓▓▓▓▓▓▓▓▓▓▓▓▓▓▓▓▓▓▓
.................................
▓▓▓▓▓▓▓▓▓▓▓▓▓▓▓▓▓▓▓▓▓▓▓▓▓▓▓▓▓▓▓▓▓
†)....†)....'____________________
▓▓▓▓▓▓▓▓▓▓▓▓▓▓▓▓▓▓▓▓▓▓▓▓▓▓▓▓▓▓▓▓▓


You could see a catoblepas, a four-headed hydra, a spiny frog, a basilisk, a
water moccasin, a crocodile, a giant frog and a neutral ooze (fellow slime).

Vanquished Creatures
  A necrophage (D)
  An ogre (D)
  A phantom (D)
  A giant frog (D)
  A scorpion (D)
  A river rat (D)
  2 giant cockroaches (D)
  3 hobgoblins (D)
  A jackal (D)
  2 quokkas (D)
  A rat (D)
15 creatures vanquished.

Vanquished Creatures (collateral kills)
  A centaur warrior (D)
  A cyclops (D)
  An ice beast (D)
  3 orc warriors (D)
  A centaur (D)
  A killer bee (D)
8 creatures vanquished.

Vanquished Creatures (others)
  A jelly (D)
1 creature vanquished.

Grand Total: 24 creatures vanquished

Notes
Turn   | Place    | Note
--------------------------------------------------------------
     0 | D        | kosy22 the Troll Monk began the quest for the Orb.
     0 | D        | Reached XP level 1. HP: 22/22 MP: 0/0
    28 | D        | Noticed a necrophage
    28 | D        | Noticed a phantom
    28 | D        | Noticed an ogre
    40 | D        | Killed a necrophage
    40 | D        | Reached skill level 7 in Unarmed Combat
    40 | D        | Reached XP level 2. HP: 25/31 MP: 1/1
    40 | D        | Reached XP level 3. HP: 30/38 MP: 2/2
    40 | D        | Reached XP level 4. HP: 37/47 MP: 3/3
    48 | D        | Killed an ogre
    48 | D        | Reached skill level 5 in Fighting
    48 | D        | Reached skill level 9 in Unarmed Combat
    48 | D        | Reached XP level 5. HP: 26/56 MP: 4/4
    55 | D        | Killed a phantom
    55 | D        | Reached skill level 5 in Dodging
    55 | D        | Reached skill level 10 in Unarmed Combat
    55 | D        | Reached XP level 6. HP: 33/65 MP: 5/5
    72 | D        | Found a glowing silver altar of Zin.
    72 | D        | Found a glowing golden altar of the Shining One.
    72 | D        | Found an ancient bone altar of Kikubaaqudgha.
    72 | D        | Found a basalt altar of Yredelemnul.
    72 | D        | Found a shimmering altar of Xom.
    72 | D        | Found a radiant altar of Vehumet.
    73 | D        | Upgraded the game from 0.17-a0-1951-g62301d3 to 0.17-a0-1954-g0dddeaa
    73 | D        | Found an iron altar of Okawaru.
    74 | D        | Found a burning altar of Makhleb.
    79 | D        | Found a deep blue altar of Sif Muna.
    80 | D        | Found a bloodstained altar of Trog.
    81 | D        | Found a sparkling altar of Nemelex Xobeh.
    82 | D        | Found a white marble altar of Elyvilon.
    83 | D        | Found a roughly hewn altar of Beogh.
    84 | D        | Found a viscous altar of Jiyva.
    85 | D        | Found a corrupted altar of Lugonu.
    86 | D        | Found a blossoming altar of Fedhas.
    87 | D        | Found a snail-covered altar of Cheibriados.
    88 | D        | Found a shadowy altar of Dithmenos.
    89 | D        | Found a stormy altar of Qazlal.
    90 | D        | Found an opulent altar of Gozag.
    91 | D        | Found a sacrificial altar of Ru.
    92 | D        | Became a worshipper of Jiyva Joaff the Shapeless
    92 | D        | Acquired Jiyva's first power
    92 | D        | Acquired Jiyva's second power
   145 | D        | Gained mutation: You have a small jelly attached to you that may absorb incoming projectiles. [Jiyva's grace]
   145 | D        | Acquired Jiyva's third power
   145 | D        | Lost mutation: You have a small jelly attached to you that may absorb incoming projectiles. [Jiyva's grace]
   145 | D        | Acquired Jiyva's fourth power
   145 | D        | Gained mutation: You expend magic power (3 MP) to strengthen your wands. [Jiyva's grace]
   145 | D        | Gained mutation: Your mind is acute. (Int +2) [Jiyva's grace]
   147 | D        | Noticed a giant frog
   147 | D        | Noticed an orc warrior
   147 | D        | Noticed a killer bee
   147 | D        | Noticed an orc warrior
   153 | D        | Killed a giant frog
   155 | D        | Gained mutation: You have a small jelly attached to you that may absorb incoming projectiles. [Jiyva's grace]
   159 | D        | Killed an orc warrior
   159 | D        | Reached skill level 11 in Unarmed Combat
   160 | D        | Killed a killer bee
   170 | D        | Killed an orc warrior
   238 | D        | Lost mutation: Your mind is acute. (Int +2) [Jiyva's grace]
   238 | D        | Gained mutation: You are agile. (Dex +2) [Jiyva's grace]
   238 | D        | Lost mutation: You expend magic power (3 MP) to strengthen your wands. [Jiyva's grace]
   238 | D        | Gained mutation: Your skin is partially translucent (Stealth, -foe acc). [Jiyva's grace]
   242 | D        | Got the +2 rapier "Toqeish" {pierce, *Rage rElec rC+}
   268 | D        | Noticed a scorpion
   268 | D        | Noticed an orc warrior
   268 | D        | Noticed an ice beast
   268 | D        | Noticed a cyclops
   268 | D        | Noticed a centaur
   268 | D        | Noticed a centaur warrior
   274 | D        | Killed a scorpion
   274 | D        | Reached XP level 7. HP: 70/75 MP: 6/6
   282 | D        | Killed an orc warrior
   283 | D        | Killed an ice beast
   283 | D        | Reached skill level 12 in Unarmed Combat
   286 | D        | Lost mutation: Your skin is partially translucent (Stealth, -foe acc). [Jiyva's grace]
   295 | D        | Killed a cyclops
   295 | D        | Gained mutation: Scrolls take you a little longer to read. [Jiyva's grace]
   298 | D        | Gained mutation: You are resistant to hostile enchantments. [Jiyva's grace]
   304 | D        | Killed a centaur warrior
   304 | D        | Reached skill level 13 in Unarmed Combat
   304 | D        | Reached XP level 8. HP: 15/88 MP: 7/7
   305 | D        | Lost mutation: Scrolls take you a little longer to read. [Jiyva's grace]
   305 | D        | Gained mutation: Your muscles are strong. (Str +2) [Jiyva's grace]
   306 | D        | Killed a centaur
   307 | D        | Lost mutation: You are resistant to hostile enchantments. [Jiyva's grace]
   501 | D        | Gained mutation: Your spells are a little easier to cast, but a little less powerful. [Jiyva's grace]
   503 | D        | Lost mutation: You have a small jelly attached to you that may absorb incoming projectiles. [Jiyva's grace]
   508 | D        | Gained mutation: You have a small jelly attached to you that senses nearby items. [Jiyva's grace]
   524 | D        | Noticed a porcupine
   524 | D        | Noticed a crocodile
   524 | D        | Noticed a water moccasin
   524 | D        | Noticed a four-headed hydra
   524 | D        | Noticed a basilisk
   528 | D        | Slimified a porcupine
   528 | D        | a porcupine changed into an ooze
   529 | D        | Noticed a catoblepas
   530 | D        | Noticed a spiny frog
   537 | D        | Noticed a giant frog
   537 | D        | HP: 4/132 [four-headed hydra (3)]
   537 | D        | Mangled by a four-headed hydra

Vault maps used:
D:        linesprint

Action                   |  1- 3 |  4- 6 |  7- 9 || total
-------------------------+-------+-------+-------++-------
Melee: Unarmed           |    29 |    25 |       ||    54
       Rapier            |       |     5 |    24 ||    29
Invok: Slimify           |       |       |     1 ||     1
  Use: Potion            |       |       |     1 ||     1
  Eat: Bread ration      |       |       |     1 ||     1
